Map: Thunderbird LE

Players

Saldek

  • Race: Protoss Protoss
  • League: Diamond
  • Spawn Location: 5:00

Woah - Winner!

  • Race: Terran Terran
  • League: Diamond
  • Spawn Location: 11:00

VOD

Have the link to the VOD?

Description

Time

  • Played on: June 14, 2019, 10 p.m.
  • Length: 7:58
Show
View Real Time Build Order
Export as new Build Order

Saldek Protoss 

Build Orders: 1 Gate Expand, Blink Stalkers, Zealot Archon 

Get SALT Encoding   

  12  0:00  Probe  
  13  0:12  Probe  
  14  0:17  Pylon  
  14  0:25  Probe  
  15  0:37  Gateway  
  15  0:39  Probe  
  16  0:49  Assimilator  
  16  0:51  Probe  
  17  1:03  Probe  
  18  1:15  Probe  
  19  1:25  Cybernetics Core  
  19  1:35  Nexus  
  19  1:38  Probe  
  20  1:50  Probe  
  20  1:51  Pylon  
  20  1:53  Assimilator  
  21  1:58  Adept  
  21  2:02  Probe  
  23  2:10  Warp Gate  
  23  2:14  Probe  
  24  2:26  Probe  
  24  2:29  Twilight Council  
  25  2:39  Probe  
  26  2:47  Stalker, Pylon  
  26  2:49  Probe, Blink, Gateway  
  29  2:59  Probe  
  30  3:19  Probe x2  
  32  3:32  Probe x2  
  34  3:44  Probe x2  
  36  3:56  Probe x2  
  36  3:58  Pylon  
  36  4:04  Stalker x2  
  36  4:08  Probe x2  
  42  4:11  Pylon  
  42  4:18  Robotics Facility  
  42  4:19  Probe  
  42  4:20  Probe  
  44  4:24  Templar Archives  
  44  4:27  Probe  
  44  4:28  Probe  
  44  4:36  Probe x2  
  44  4:38  Forge  
  48  4:45  Pylon  
  48  4:47  Stalker x2  
  48  4:50  Pylon  
  52  4:53  Assimilator, Probe x2  
  52  4:54  Assimilator  
  52  5:20  Stalker x2  
  56  5:25  Probe x2  
  58  5:36  Protoss Ground Armor Level 1  
  58  5:38  Psionic Storm  
  58  5:39  Probe x2  
  49  5:42  Charge  
  60  5:43  Pylon  
  60  5:51  Zealot x2  
  64  6:02  Gateway  
  64  6:04  Gateway  
  64  6:22  Photon Cannon  
  64  6:26  Pylon  
  64  6:29  Pylon  
  66  6:39  Gateway x2  
  64  6:43  Nexus  
  64  6:47  Stalker x2  
  64  6:48  Pylon  
  68  6:57  High Templar  
  68  6:58  Observer, High Templar  
  73  7:10  High Templar  
  73  7:11  High Templar  
  71  7:36  Archon  
  65  7:42  Zealot x2  
  65  7:43  Zealot x3  
Show
View Real Time Build Order
Export as new Build Order

Woah Terran - Winner!

Build Orders: Reaper Expand 

Get SALT Encoding   

  12  0:01  SCV  
  13  0:13  SCV  
  14  0:17  Supply Depot  
  14  0:25  SCV  
  15  0:39  SCV  
  15  0:41  Barracks  
  16  0:45  Refinery  
  16  0:51  SCV  
  17  1:03  SCV  
  18  1:15  SCV  
  19  1:29  Orbital Command  
  19  1:30  Reaper  
  20  1:47  Command Center  
  20  1:53  Supply Depot  
  20  2:09  SCV  
  20  2:14  Factory  
  21  2:15  Refinery  
  21  2:30  Bunker, Barracks Reactor  
  21  2:31  SCV  
  22  2:43  SCV  
  23  2:55  SCV  
  24  2:59  Starport  
  24  3:03  Widow Mine  
  26  3:08  Orbital Command  
  26  3:10  SCV  
  27  3:15  Marine  
  27  3:16  Marine  
  29  3:22  SCV  
  29  3:24  Widow Mine  
  32  3:33  Marine x2  
  34  3:34  SCV  
  35  3:46  SCV  
  35  3:47  Medivac  
  38  3:49  SCV, Barracks  
  38  3:51  Marine x2  
  43  4:00  SCV  
  43  4:01  SCV  
  45  4:05  Factory Tech Lab  
  43  4:10  Marine x2  
  43  4:12  SCV  
  46  4:37  Barracks  
  46  4:39  Factory Tech Lab  
  46  4:41  Supply Depot  
  46  4:42  Engineering Bay  
  46  4:44  Supply Depot  
  46  4:47  Raven, Marine x2  
  46  4:48  SCV x2, Refinery  
  52  4:54  Supply Depot  
  52  5:00  SCV  
  52  5:05  Marine x2  
  55  5:19  Siege Tank  
  55  5:20  SCV x2, Barracks Tech Lab  
  60  5:23  Marine x2  
  62  5:32  Terran Infantry Weapons Level 1  
  62  5:34  Command Center  
  62  5:41  Marine  
  62  5:42  Stimpack  
  63  5:43  SCV  
  63  5:44  SCV  
  63  5:49  Starport Reactor  
  65  5:51  Marauder  
  65  5:52  Marauder, Marine  
  65  5:55  SCV  
  71  5:59  Marine  
  71  6:03  Supply Depot x2  
  72  6:05  SCV  
  72  6:07  Refinery  
  73  6:13  Marauder  
  73  6:18  Siege Tank  
  78  6:23  Combat Shield  
  78  6:24  Marine  
  78  6:25  Marauder  
  81  6:36  Medivac, Marine  
  81  6:37  Marine  
  85  6:43  Barracks  
  85  6:44  SCV  
  85  6:45  SCV  
  85  6:46  Marauder  
  89  6:55  Marauder  
  91  7:08  Marauder  
  91  7:16  Marauder  
  91  7:22  Marine  
  93  7:29  Marauder  
  90  7:37  Marine  
  90  7:40  Marine  
Tags
 
Add a new tag
Caveats
  • Supply blocks, unpowered buildings, or Contaminate may cause inaccurate times.
  • Supply counts are checked every 10 seconds.